 Dungeon Crawl Stone Soup version 0.31.0-10-gcf4a605ca0 (webtiles) character file.

Game seed: 3754014112187367056

76131 Arcadio the Eclecticist (level 15, -1/64 HPs)
             Began as a Deep Elf Alchemist on Jan 24, 2024.
             Was a High Priest of Hepliaklqana.
             Slain by a skeletal warrior
             ... wielding a +1 halberd of distortion
              (15 damage)
             ... on level 12 of the Dungeon on Jan 25, 2024.
             The game lasted 01:53:30 (25969 turns).

Arcadio the Eclecticist (Deep Elf Alchemist)       Turns: 25969, Time: 01:53:31

Health: -1/64      AC: 12    Str:  5    XL:     15   Next: 11%
Magic:  23/48      EV: 23    Int: 28    God:    Hepliaklqana [*****.]
Gold:   1665       SH:  0    Dex: 18    Spells: 14/50 levels left

rFire   + . .        c - +9 rapier (drain)
rCold   x . .        (no shield)
rNeg    . . .        R - +2 robe {Will+}
rPois   .            C - +2 helmet
rElec   .            Z - +0 cloak
rCorr   .            q - +1 pair of gloves {Dex+3}
SInv    .            X - +1 pair of boots
Will    ++...        W - amulet of faith
Stlth   ++           n - ring of magical power
HPRegen 0.30/turn    p - ring of fire
MPRegen 0.31/turn

%: faith
@: studying Armour
A: reduced essence
a: Renounce Religion, Recall Ancestor, Ancestor Identity, Transference, Idealise


You were on level 12 of the Dungeon.
You worshipped Hepliaklqana.
Hepliaklqana was extremely pleased with you.
You visited 4 branches of the dungeon, and saw 22 of its levels.
You also visited: Sewer, Ossuary, Gauntlet and Volcano.

You collected 2422 gold pieces.
You spent 757 gold pieces at shops.

Inventory:

Hand Weapons
 c - a +9 rapier of draining (weapon)
 L - a +9 short sword of holy wrath
Missiles
 N - 3 throwing nets (quivered)
Armour
 q - a +1 pair of gloves of dexterity (worn)
 C - a +2 helmet (worn)
 R - a +2 robe of willpower (worn)
 U - a +2 leather armour of fire resistance
 X - a +1 pair of boots (worn)
 Z - a +0 cloak (worn)
Magical Staves
 u - a staff of conjuration
Jewellery
 a - a ring of protection from cold
 j - a ring of resist corrosion
 n - a ring of magical power (left hand)
 o - a +4 ring of protection
 p - a ring of fire (right hand)
 r - a ring of see invisible
 P - a ring of wizardry
 T - a ring of ice
 V - a +6 ring of dexterity
 W - an amulet of faith (around neck)
Wands
 m - a wand of roots (11)
 M - a wand of flame (63)
 O - a wand of digging (6)
 Q - a wand of charming (12)
 S - a wand of acid (6)
Scrolls
 d - 2 scrolls of blinking {unknown}
 e - 6 scrolls of teleportation
 f - 6 scrolls of amnesia
 h - a scroll of acquirement {unknown}
 i - 2 scrolls of brand weapon {unknown}
 k - 5 scrolls of poison
 t - a scroll of revelation
 w - 4 scrolls of immolation
 y - a scroll of summoning {unknown}
 D - 3 scrolls of torment
 F - 3 scrolls of fear {unknown}
 G - 2 scrolls of fog
 I - 6 scrolls of vulnerability
 J - 2 scrolls of silence {unknown}
Potions
 b - 2 potions of magic
 l - 7 potions of curing
 s - 5 potions of haste
 v - 3 potions of mutation
 x - 8 potions of cancellation
 z - 3 potions of brilliance
 A - 2 potions of heal wounds
 B - 3 potions of berserk rage
 E - 2 potions of enlightenment {unknown}
 H - 2 potions of lignification
 K - 4 potions of invisibility {unknown}
 Y - 5 potions of ambrosia


   Skills:
 + Level 16.9 Dodging
 - Level 2.4 Stealth
 + Level 18.3 Spellcasting
 + Level 1.6 Conjurations
 + Level 15.7 Alchemy
 + Level 13.1 Invocations


You had 14 spell levels left.
You knew the following spells:

 Your Spells              Type           Power      Damage    Failure   Level
a - Sting                 Conj/Alch      100%       1d9       1%          1
b - Olgreb's Toxic Radia  Alch           85%        N/A       1%          4
c - Ignite Poison         Fire/Alch      81%        N/A       1%          4
d - Mercury Vapours       Alch/Air       100%       N/A       1%          2
e - Sticky Flame          Fire/Alch      81%        2d13      1%          4
f - Cigotuvi's Dreadful   Necr/Alch/Air  100%       N/A       1%          2
g - Mephitic Cloud        Conj/Alch/Air  55%        N/A       1%          3
h - Yara's Violent Unrav  Hex/Alch       31%        3d13      1%          5
i - Teleport Other        Tloc           25%        N/A       4%          3
j - Sculpt Simulacrum     Ice/Alch       31%        N/A       11%         6
k - Blink                 Tloc           50%        N/A       2%          2

Your spell library contained the following spells:

 Spells                   Type           Power      Damage    Failure   Level
 Momentum Strike          Conj/Tloc      60%        3d9       1%          2
 Call Imp                 Summ           50%        N/A       2%          2
 Lesser Beckoning         Tloc           50%        N/A       2%          2
 Sublimation of Blood     Necr           25%        N/A       2%          2
 Hailstorm                Conj/Ice       30%        3d8       3%          3
 Call Canine Familiar     Summ           25%        N/A       4%          3
 Gell's Gravitas          Tloc           25%        N/A       4%          3
 Sigil of Binding         Hex            25%        N/A       4%          3
 Summon Ice Beast         Ice/Summ       25%        N/A       4%          3
 Tukima's Dance           Hex            25%        N/A       4%          3
 Animate Dead             Necr           25%        N/A       17%         4
 Dimensional Bullseye     Hex/Tloc       12%        N/A       17%         4
 Passage of Golubria      Tloc           25%        N/A       17%         4
 Vhi's Electric Charge    Tloc/Air       50%        N/A       17%         4
 Arcjolt                  Conj/Air       15%        1d25      34%         5
 Freezing Cloud           Conj/Ice/Air   14%        6-21      36%         5
 Borgnjor's Vile Clutch   Necr/Erth      12%        N/A       43%         5
 Silence                  Hex/Air        12%        N/A       43%         5
 Death Channel            Necr           12%        N/A       95%         6
 Plasma Beam              Fire/Air       19%        2x1d30    95%         6
 Summon Hydra             Summ           12%        N/A       100%        7
 Lehudib's Crystal Spear  Conj/Erth      15%        10d5      100%        8


Dungeon Overview and Level Annotations

Branches:
Dungeon (14/15)            Temple (1/1) D:5            Lair (5/5) D:9
 Shoals (0/4) Lair:2       Spider (0/4) Lair:2        Slime (0/5) Lair:5
    Orc (2/2) D:11            Elf (0/3) Orc:2         Sewer (visited)
Ossuary (visited)         Volcano (visited)         Gauntlet (visited)
 Vaults: D:13-14

Altars:
Ashenzari
Cheibriados
Dithmenos
Elyvilon
Fedhas
Gozag
Hepliaklqana
Makhleb
Nemelex Xobeh
Okawaru
Qazlal
Ru
Sif Muna
Trog
Uskayaw
Vehumet
Wu Jian
Xom
Yredelemnul
Zin
The Shining One
Jiyva

Shops:
D:3 :   D:4 :   D:9 !:[:*   D:13 !*   Orc:1 (   Orc:2 =*!


Message History

+0 acid dragon scales; an acid dragon corpse Mon bon Adso hits the acid dragon with a +0 broad axe of flaming!
Mon bon Adso burns the acid dragon.
You see here an ugly thing corpse.
The acid dragon bites Mon bon Adso.
The acid dragon misses Mon bon Adso.
Mon bon Adso blocks the acid dragon's attack.
The acid dragon claws Mon bon Adso.
Mon bon Adso hits the acid dragon with a +0 broad axe of flaming!
Mon bon Adso burns the acid dragon.
The acid dragon dies!
Your +9 short sword of holy wrath stops glowing.
You sense an unholy aura.
c - a +9 rapier of draining (weapon)
A slime creature comes into view.
A skeletal warrior comes into view.
It is wielding a +1 halberd of distortion.
A slime creature comes into view.
Mon bon Adso hits the slime creature with a +0 broad axe of flaming!
Mon bon Adso burns the slime creature.
The slime creature completely misses you.
You puncture the slime creature!
The slime creature is heavily wounded.
The slime creature misses you.
Two slime creatures merge to form a large slime creature.
Mon bon Adso hits the large slime creature with a +0 broad axe of flaming!!
Mon bon Adso burns the large slime creature!
You hear a shout!
You hit the large slime creature. You drain the large slime creature.
The large slime creature is heavily wounded.
You hear a bellow!
Mon bon Adso is no longer covered in acid.
The skeletal warrior completely misses you.
Mon bon Adso hits the large slime creature with a +0 broad axe of flaming!
Mon bon Adso burns the large slime creature.
You puncture the large slime creature! You drain the large slime creature.
The large slime creature is severely wounded.
The large slime creature hits you!
The skeletal warrior hits you from afar with a +1 halberd of distortion!!
Space warps horribly around you!
The skeletal warrior hits you from afar with a +1 halberd of distortion!
You die...

#.. #..## .#
#..####..#. ..##
#.#...... #?.
##..#.##. #..
#...#.##. # #.#
###.###.##. #.##
..##.....#.##. #..R##
#.#.###.#.##. #?J@##
#.........###
#...###.###.#####.#.#
# ## ##z..##)....#.#
#.#####[#####.###.#
..............†...#
........([.......####
#######....###(......
#....).#.###...
###....#.D.†>..


You could see the friendly Mon bon Adso the knight, a skeletal warrior and a
large slime creature (drained, ally target).

Vanquished Creatures
  Jorgrun (D:12)
  Josephine (Lair:4)
  A hydra (Lair:3)
  2 boulder beetles (D:12)
  A death knight (D:12)
  2 centaur warriors (D:12)
  4 two-headed ogres
  3 orc high priests (Orc:2)
  A skeletal warrior (D:11)
  5 orc knights
  2 orc sorcerers (Orc:2)
  An ugly thing (Volcano)
  2 manticores
  12 elephants
  2 cyclopes (D:12)
  4 meliai
  4 kobold blastminers (Orc:2)
  7 cane toads
  3 rime drakes
  2 kobold demonologists
  8 komodo dragons
  Psyche (D:9)
  4 trolls
  4 polar bears
  A queen bee (Lair:5)
  2 hornets
  16 blink frogs
  4 dream sheep (Lair:4)
  A meliai zombie (D:11)
  2 slime creatures (D:11)
  2 shadows (D:11)
  A spriggan (Lair:2)
  9 wraiths
  5 wyverns
  5 basilisks
  55 yaks
  A steam dragon (Lair:5)
  4 vampire mosquitoes
  An acid dragon (D:12)
  4 hell hounds
  4 water moccasins
  Pargi (Sewer)
  15 orc warriors
  2 black bears
  2 sky beasts
  9 wolves
  3 ogres
  4 boggarts (Lair:4)
  2 centaurs
  An elf zombie (Ossuary)
  5 kobold brigands
  A brain worm (Sewer)
  Blork the orc (D:6)
  A bullfrog (Lair:3)
  2 wights (D:6)
  29 killer bees
  An electric eel (Lair:3)
  A crimson imp (D:6)
  3 howler monkeys
  12 centaur zombies
  2 bombardier beetles
  2 hounds (D:6)
  11 orc priests
  2 gnoll boudas
  A jelly (D:6)
  A boggart zombie (D:11)
  A sleepcap (D:7)
  Natasha (thrice) (D:2)
  5 iguanas
  15 orc wizards
  2 ogre zombies (Ossuary)
  3 mummies
  Robin (D:2)
  10 gnolls
  6 adders
  A white imp (D:5)
  2 adder zombies (Ossuary)
  A dart slug (D:1)
  A ribbon worm (D:3)
  36 orcs
  5 bats
  10 endoplasms
  A giant cockroach (D:3)
  A gnoll zombie (Ossuary)
  11 goblins
  12 hobgoblins
  2 jackals (D:1)
  13 kobolds
  5 quokkas
  6 ball pythons
  3 frilled lizards
  5 goblin zombies (Ossuary)
  2 hobgoblin zombies (D:6)
  2 kobold zombies (Ossuary)
  2 quokka zombies (Ossuary)
  2 rats
  5 rat zombies (Ossuary)
482 creatures vanquished.

Vanquished Creatures (collateral kills)
  A hydra (D:12)
  A boulder beetle (D:12)
  A two-headed ogre (D:10)
  A hell knight (Volcano)
  A lindwurm (Lair:5)
  An orc sorcerer (Orc:2)
  2 cyclopes
  2 ugly things
  4 black mambas
  3 elephants (Lair:3)
  A molten gargoyle (Lair:5)
  A torpor snail (Lair:4)
  A smoke demon (Volcano)
  4 unseen horrors
  A red devil (Volcano)
  A komodo dragon (D:12)
  2 trolls
  2 polar bears
  4 slime creatures (D:11)
  2 vampires (D:11)
  5 wraiths
  5 shadows
  8 yaks
  4 wyverns
  3 basilisks
  4 vampire mosquitoes
  3 acid dragons (D:12)
  A hell hound (Lair:5)
  8 water moccasins
  2 orc warriors
  A sky beast (D:8)
  A black bear (Lair:1)
  4 wolves (Lair:4)
  2 ogres (D:5)
  2 centaurs
  A phantom (D:6)
  A kobold brigand (D:7)
  7 bullfrogs
  A gnoll sergeant (D:9)
  A scorpion (D:6)
  3 wights (D:6)
  A killer bee (D:9)
  An electric eel (Lair:3)
  3 howler monkeys
  2 centaur zombies
  2 lava snakes (Lair:5)
  An orc priest (Orc:1)
  3 jellies (D:7)
  4 orc wizards
  An iguana (D:6)
  A boggart zombie (D:11)
  An ogre zombie (Ossuary)
  5 mummies (Ossuary)
  3 gnolls
  An adder (D:6)
  A shadow imp (D:6)
  6 orcs
  2 ball pythons
  An endoplasm (D:5)
  A kobold (D:9)
  A goblin zombie (Ossuary)
  A hobgoblin zombie (Ossuary)
  4 kobold zombies (Ossuary)
  A rat zombie (Ossuary)
150 creatures vanquished.

Vanquished Creatures (others)
  15 knights
  2 ancestors
17 creatures vanquished.

Grand Total: 649 creatures vanquished

Notes
Turn   | Place    | Note
-------+----------+-------------------------------------------
     0 | D:1      | Arcadio the Deep Elf Alchemist began the quest for the Orb.
     0 | D:1      | Reached XP level 1. HP: 10/10 MP: 6/6
   300 | D:1      | Reached XP level 2. HP: 13/15 MP: 2/8
   539 | D:1      | Learned a level 2 spell: Mercury Vapours
   910 | D:2      | Noticed Robin
   917 | D:2      | Reached XP level 3. HP: 19/19 MP: 7/10
  1117 | D:2      | Killed Robin
  1118 | D:2      | Reached skill level 4 in Spellcasting
  1361 | D:2      | Learned a level 3 spell: Mephitic Cloud
  1447 | D:2      | Noticed Natasha
  1460 | D:2      | Reached XP level 4. HP: 8/24 MP: 12/12
  1755 | D:2      | Killed Natasha
  1756 | D:2      | Noticed Natasha
  1771 | D:2      | Killed Natasha
  1943 | D:2      | Noticed Natasha
  1949 | D:2      | Killed Natasha
  1950 | D:2      | Reached XP level 5. HP: 20/28 MP: 14/14
  2026 | D:3      | Found a faded altar of an unknown god.
  2223 | D:3      | Found a white marble altar of Elyvilon.
  2224 | D:3      | Found a hazy altar of Hepliaklqana.
  2225 | D:3      | Found a shimmering blue altar of Sif Muna.
  2226 | D:3      | Found a sacrificial altar of Ru.
  2227 | D:3      | Found an ornate altar of the Wu Jian Council.
  2227 | D:3      | Found a basalt altar of Yredelemnul.
  2227 | D:3      | Found a glowing golden altar of the Shining One.
  2227 | D:3      | Found a bloodstained altar of Trog.
  2228 | D:3      | Found an iron altar of Okawaru.
  2229 | D:3      | Found a hide-covered altar of Uskayaw.
  2229 | D:3      | Found a broken altar of Ashenzari.
  2246 | D:3      | Became a worshipper of Hepliaklqana the Forgotten
  2265 | D:3      | Found Tudu's Book Shop.
  2409 | D:3      | Found a shimmering altar of Xom.
  2769 | D:4      | Learned a level 4 spell: Olgreb's Toxic Radiance
  3000 | D:4      | Reached skill level 5 in Spellcasting
  3011 | D:4      | Reached * piety under Hepliaklqana
  3144 | D:4      | Found Miyh's Vocational Training.
  3811 | D:5      | Entered Level 5 of the Dungeon
  3811 | D:5      | Found a staircase to the Ecumenical Temple.
  3833 | D:5      | Reached ** piety under Hepliaklqana
  3845 | Temple   | Entered the Ecumenical Temple
  3870 | D:5      | Reached skill level 5 in Alchemy
  3870 | D:5      | Reached XP level 6. HP: 18/28 MP: 16/16
  3965 | D:5      | Reached skill level 5 in Dodging
  4152 | D:5      | Reached skill level 6 in Spellcasting
  4253 | D:5      | Learned a level 4 spell: Sticky Flame
  4311 | D:5      | Reached XP level 7. HP: 32/32 MP: 18/18
  4396 | D:5      | Found a glowing drain.
  4399 | Sewer    | Entered a sewer
  4436 | Sewer    | Noticed Pargi
  4442 | Sewer    | Killed Pargi
  4443 | Sewer    | Reached skill level 7 in Spellcasting
  4827 | D:5      | Found a sparkling altar of Nemelex Xobeh.
  5064 | D:6      | Reached XP level 8. HP: 36/36 MP: 21/21
  5115 | D:6      | Found a sand-covered staircase.
  5124 | Ossuary  | Entered an ossuary
  5165 | Ossuary  | Remembered your ancestor Mon bon Adso as a knight
  5226 | Ossuary  | Reached skill level 8 in Spellcasting
  6091 | D:6      | Reached skill level 9 in Spellcasting
  6212 | D:6      | Reached *** piety under Hepliaklqana
  6300 | D:6      | Noticed Blork the orc
  6309 | D:6      | Killed Blork the orc
  6310 | D:6      | Reached XP level 9. HP: 18/40 MP: 24/24
  6443 | D:6      | Found a radiant altar of Vehumet.
  6446 | D:6      | Found a burning altar of Makhleb.
  6561 | D:6      | Noticed a troll
  6964 | D:7      | Learned a level 2 spell: Cigotuvi's Dreadful Rot
  6969 | D:7      | Learned a level 4 spell: Ignite Poison
  6988 | D:7      | Reached skill level 10 in Spellcasting
  7617 | D:7      | Reached skill level 1 in Invocations
  7946 | D:8      | Reached skill level 10 in Dodging
  8205 | D:8      | Reached skill level 11 in Spellcasting
  8377 | D:8      | Reached **** piety under Hepliaklqana
  8578 | D:8      | Noticed a two-headed ogre
  8701 | D:9      | Found a staircase to the Lair.
  8741 | D:9      | Identified the +5 trident "Kiasim" {freeze, *Noise rPois
                  | rF+ rC+}
  8830 | D:9      | Noticed a two-headed ogre
  8831 | D:9      | Noticed Psyche
  8835 | D:9      | Reached XP level 10. HP: 45/45 MP: 27/27
  8835 | D:9      | Killed a two-headed ogre
  8843 | D:9      | Killed Psyche
  8865 | D:9      | Reached skill level 10 in Alchemy
  8984 | D:9      | Found Sugrosan's Lightly-Used Armoury.
  9039 | D:9      | Identified the +6 trident "Kuce" {heavy, *Corrode Int+7}
  9266 | D:9      | Reached ***** piety under Hepliaklqana
  9281 | D:9      | Found Puasch's Book Emporium.
  9283 | D:9      | Found Kuumeoh's Book Boutique.
  9285 | D:9      | Found Doevurud's Distillery.
  9285 | D:9      | Found Rirur Wamm's Antique Armour Emporium.
  9300 | D:9      | Bought Great Wizards, Vol. VII for 360 gold pieces
  9306 | D:9      | Learned a level 5 spell: Yara's Violent Unravelling
  9321 | D:9      | Bought a pair of embroidered gloves for 202 gold pieces
  9334 | D:9      | Bought a potion of curing for 39 gold pieces
  9697 | Lair:1   | Entered Level 1 of the Lair of Beasts
  9790 | Lair:1   | Learned a level 3 spell: Teleport Other
  9805 | Lair:1   | Noticed a cane toad
  9808 | Lair:1   | Reached skill level 12 in Spellcasting
  9826 | Lair:1   | Killed a cane toad
  9827 | Lair:1   | Reached skill level 5 in Invocations
 10285 | Lair:1   | Identified the +0 leather armour of Fedhas's Approval
                  | {*Slow Dex+4}
 10313 | Lair:1   | Reached XP level 11. HP: 48/48 MP: 29/29
 10731 | Lair:2   | Reached skill level 13 in Spellcasting
 11227 | Lair:2   | Found a staircase to the Shoals.
 11616 | Lair:2   | Found a hole to the Spider Nest.
 12812 | Lair:3   | Reached skill level 14 in Spellcasting
 12812 | Lair:3   | Reached XP level 12. HP: 44/53 MP: 27/32
 13377 | Lair:3   | Noticed an eight-headed hydra
 13540 | Lair:3   | Noticed a seven-headed hydra
 13552 | Lair:3   | Killed a seven-headed hydra
 14175 | Lair:4   | Reached skill level 15 in Spellcasting
 14860 | Lair:4   | Noticed Josephine
 14866 | Lair:4   | Killed Josephine
 15322 | Lair:4   | Reached XP level 13. HP: 56/56 MP: 34/34
 15779 | Lair:4   | Reached skill level 10 in Invocations
 15970 | Lair:5   | Entered Level 5 of the Lair of Beasts
 16262 | Lair:5   | Reached ****** piety under Hepliaklqana
 16364 | Lair:5   | Upgraded the game from 0.31.0-9-g3a7656b989 to
                  | 0.31.0-10-gcf4a605ca0
 16371 | Lair:5   | Reached skill level 16 in Spellcasting
 16680 | Lair:5   | Found a staircase to the Slime Pits.
 16681 | Lair:5   | Found a viscous altar of Jiyva.
 17018 | Lair:5   | Reached skill level 15 in Dodging
 17959 | D:10     | Entered Level 10 of the Dungeon
 18681 | D:11     | You fall into a shaft and drop 3 floors!
 18691 | D:13     | Found Disofia's Distillery.
 18697 | D:13     | Bought a potion of cancellation for 104 gold pieces
 18697 | D:13     | Bought a potion of degeneration for 13 gold pieces
 18697 | D:13     | Bought a potion of curing for 39 gold pieces
 18722 | D:13     | Found a gate leading to a gauntlet.
 18730 | Gauntlet | Entered a Gauntlet
 18730 | Gauntlet | Found a transporter.
 18732 | Gauntlet | Found a runed translucent door.
 18733 | Gauntlet | Found a transporter.
 18734 | Gauntlet | Found a runed translucent door.
 18735 | Gauntlet | Found a transporter.
 18739 | Gauntlet | Found a transporter.
 18774 | Gauntlet | Noticed a cacodemon
 18776 | Gauntlet | Found a transporter.
 18796 | Gauntlet | Found a transporter.
 18805 | Gauntlet | Noticed a green death
 18809 | Gauntlet | Found a transporter.
 18831 | Gauntlet | Found a transporter.
 18831 | Gauntlet | Found a transporter.
 18839 | Gauntlet | Found a transporter.
 18915 | D:13     | Found Taycedghe's Assorted Antiques.
 19148 | D:12     | Noticed Jorgrun
 19157 | D:12     | Killed Jorgrun
 19497 | D:10     | Reached XP level 14. HP: 61/61 MP: 36/36
 20149 | D:11     | Found a staircase to the Orcish Mines.
 20176 | D:11     | Reached skill level 17 in Spellcasting
 21609 | Orc:1    | Entered Level 1 of the Orcish Mines
 21619 | Orc:1    | Found Wedo's Firing Range.
 21629 | Orc:1    | Found a dark tunnel.
 21641 | Volcano  | Entered a volcano
 22204 | Orc:1    | Reached skill level 15 in Alchemy
 22865 | Orc:1    | Learned a level 6 spell: Sculpt Simulacrum
 22886 | Orc:2    | Entered Level 2 of the Orcish Mines
 23691 | Orc:2    | Found Gatsap's Jewellery Emporium.
 23691 | Orc:2    | Found Muhipt's Distillery.
 23820 | Orc:2    | Found Nytresaw's Assorted Antiques.
 23820 | Orc:2    | Found Gaipraib's Armour Emporium.
 23872 | Orc:2    | Found a staircase to the Elven Halls.
 24397 | D:11     | Reached skill level 18 in Spellcasting
 24876 | D:12     | Found a broken altar of Ashenzari.
 25691 | D:12     | Reached XP level 15. HP: 32/64 MP: 36/39
 25898 | D:12     | Learned a level 2 spell: Blink
 25969 | D:12     | Slain by a skeletal warrior

Illustrated notes

Levels and vault maps discovered:
D:1:      eino_arrival_tree_alley, layout_basic
D:2:      layout_rooms, uniq_natasha, uniq_robin
D:3:      layout_basic, nicolae_overflow_hidden_temple,
          nicolae_overflows_in_rows, mainiacjoe_overflow_tiny_flanked,
          nicolae_ecumenical_oubliette, serial_shops, shop, supply_closet_lemuel
D:4:      layout_layer_cave, chequers_garden, nicolae_shop_vocational
D:5:      layout_cave_pools, nemelex_dance_club_becter,
          minmay_temple_entry_statues_fountains,
          mainiacjoe_sewer_entry_somewhere_in_here_1
D:6:      layout_cave_pools, grunt_temple_overflow_lords_of_destruction,
          nicolae_ossuary_entry_giza, lightli_corner_chamber, uniq_blork_the_orc
D:7:      layout_basic, minmay_manual_mail
D:8:      layout_basic
D:9:      layout_small_grid, lair_entry_dummy, serial_glass, glass_columns_b,
          glass_columns_c, glass_columns_b, glass_columns_a,
          nicolae_wooded_promenade, minmay_variable_closet, minmay_shop_damaged,
          uniq_psyche
D:10:     layout_loops_ring
D:11:     layout_irregular_city, orc_0_dummy, serial_undead, serial_undead_d,
          serial_undead_f, serial_undead_b, serial_undead_d, serial_undead_a,
          serial_undead_c, serial_undead_e, serial_undead_e
D:12:     minmay_the_grid_square_5x5_4x4 [minmay_the_grid_square_5x5_inner_v,
          minmay_the_grid_square_5x5_two,
          minmay_the_grid_square_5x5_inverted_slash,
          minmay_the_grid_square_5x5_six, minmay_the_grid_square_5x5_bite,
          minmay_the_grid_square_5x5_prize_open,
          minmay_the_grid_square_5x5_prize_waves,
          minmay_the_grid_square_5x5_spiral_small,
          minmay_the_grid_square_5x5_two_small,
          minmay_the_grid_square_5x5_prize_monsterx,
          minmay_the_grid_square_5x5_prize_junk,
          minmay_the_grid_square_5x5_broken_cross,
          minmay_the_grid_square_5x5_pentomino_r,
          minmay_the_grid_square_5x5_six_small,
          minmay_the_grid_square_5x5_dogpile, minmay_the_grid_square_5x5_three],
          layout_basic, evilmike_ruin_ashenzari, uniq_jorgrun, uniq_sonja
D:13:     layout_irregular_city, hellmonk_vaults_keyhole, serial_shops,
          nicolae_diamond_shop, nicolae_stop_n_shop_1, shop,
          gauntlet_entry_generic, grunt_potential
D:14:     layout_long_grid, hangedman_abyss_or_decor_stagger,
          nicolae_trove_entry_path_of_doom, fedhas_ov_isle_minmay
Temple:   hellmonk_temple_micro_hex
Lair:1:   layout_roguey
Lair:2:   layout_regular_city, elwin_shoals_entry_rocks,
          spider_nest_entry_web_field, grunt_forest_stairs_clearing,
          grunt_megastairs_4
Lair:3:   lemuel_slime, layout_gridlike, infiniplex_staircase_pool_2
Lair:4:   layout_small_grid, kilobyte_rumbling_trees, serial_bayou_shore_b,
          uniq_josephine
Lair:5:   cheibrodos_lair_end_hotspot, layout_gridlike, slime_entry_1,
          special_room [special_room_bee]
Orc:1:    layout_caves, nicolae_volcano_entry_lava_flow, basic_altar,
          nicolae_shop_firing_range
Orc:2:    grunt_orc_tribal_feast, layout_caves, nicolae_orc_beogh_chapel

Skill      XL: |  1  2  3  4  5  6  7  8  9 10 11 12 13 14 |
---------------+-------------------------------------------+-----
Dodging        | 3 4 5 7 8 10 11 12 14 15 16 | 16.9
Spellcasting   | 4 5 6 7 9 11 12 14 15 16 18 | 18.3
Alchemy        | 4 5 6 8 9 10 12 13 14 15 | 15.7
Invocations    | 2 5 7 9 11 13 | 13.1
Stealth        | |  2.4
Conjurations   | |  1.6

Action                     |  1- 3 |  4- 6 |  7- 9 | 10-12 | 13-15 || total
---------------------------+-------+-------+-------+-------+-------++-------
  Melee: Unarmed           |     4 |       |       |       |       ||     4
         Dagger            |    22 |     5 |       |       |       ||    27
         Punch             |     1 |       |     1 |     2 |     4 ||     8
         Staff             |       |     8 |    23 |    16 |       ||    47
         Short sword       |       |       |   114 |    64 |   321 ||   499
         Great sword       |       |       |       |       |    11 ||    11
         Rapier            |       |       |       |       |     3 ||     3
  Throw: Throwing net      |       |       |     1 |       |       ||     1
   Cast: Sting             |    73 |    96 |   141 |   105 |    10 ||   425
         Mercury Vapours   |     1 |       |       |     3 |     1 ||     5
         Mephitic Cloud    |       |     1 |     1 |       |       ||     2
         Olgreb's Toxic Ra |       |       |    10 |    44 |    95 ||   149
         Ignite Poison     |       |       |       |    63 |   110 ||   173
         Cigotuvi's Dreadf |       |       |       |       |     1 ||     1
         Yara's Violent Un |       |       |       |       |     2 ||     2
 Invoke: Ancestor Identity |       |     1 |       |       |       ||     1
         Recall Ancestor   |       |       |     2 |     1 |     8 ||    11
         Ancestor Life: Kn |       |       |     1 |       |       ||     1
         Transference      |       |       |       |       |     2 ||     2
         Idealise          |       |       |       |       |     6 ||     6
  Evoke: Wand              |       |       |       |     8 |     2 ||    10
    Use: Scroll            |     4 |     4 |     6 |    11 |    15 ||    40
         Potion            |       |       |     1 |     1 |     6 ||     8
   Stab: Sleeping          |     2 |       |     9 |       |     1 ||    12
         Distracted        |       |       |       |       |     2 ||     2
 Armour: Robe              |    30 |    19 |    82 |    96 |   265 ||   492
  Dodge: Dodged            |    42 |    19 |   135 |   167 |   429 ||   792
